 Dungeon Crawl Stone Soup version 0.27.1 (webtiles) character file.

Game seed: 1799947670049888142

7467 acemry the Basher (level 11, -5/69 HPs)
             Began as a Gargoyle Fighter on Sept 3, 2021.
             Was an Initiate of Okawaru.
             Killed by an exploding steam dragon (39 damage)
             ... ignited by their inner flame
             ... on level 8 of the Dungeon.
             The game lasted 00:37:52 (9071 turns).

acemry the Basher (Gargoyle Fighter)                Turns: 9071, Time: 00:37:52

Health: -5/69      AC: 35    Str: 27 (29) XL:     11   Next: 15%
Magic:  11/11      EV: 11    Int:  7 (9)  God:    Okawaru [......]
Gold:   415        SH: 12    Dex:  6 (9)  Spells: 10/10 levels left

rFire    . . .     SeeInvis .   B - +4 war axe of Ascent {protect, Will- Str+6}
rCold    . . .     Faith    .   c - +0 kite shield
rNeg     + . .     Spirit   .   L - +0 plate armour
rPois    ∞         Reflect  .   (no helmet)
rElec    +         Harm     .   n - +2 cloak {rCorr}
rCorr    +         Rampage  .   g - +0 pair of gloves
Will     .....     Clarity  +   q - +0 pair of boots Stlth ..........Rnd*Tele +
                                h - amulet of the acrobat
HPRegen  0.21/turn              m - +4 ring of evasion
MPRegen  0.12/turn              (no ring)

@: under a protective aura, flying, slowed, very slow
A: sickness immunity, AC +8, negative energy resistance 1, electricity
resistance, torment resistance 1, petrification resistance, big wings, hooves 1,
clarity, teleportitis 1
a: Renounce Religion


You were on level 8 of the Dungeon.
You worshipped Okawaru.
Okawaru was noncommittal.
You visited 2 branches of the dungeon, and saw 9 of its levels.
You also visited: Sewer.

You collected 415 gold pieces.

Inventory:

Hand Weapons
 a - a +5 flail
 b - a +0 shortbow
 B - the +4 war axe of Ascent (weapon) {protect, Will- Str+6}
   (You found it on level 5 of the Dungeon)

   It grants its wielder temporary protection when it strikes (+7 to AC).
   Str:       It affects your strength (+6).
   Will:      It decreases your willpower.
 D - the +1 hunting sling of Analysis {speed, rElec Will++ Dex-2 SInv}
   (You found it in a sewer)

   Attacks with this weapon are significantly faster.
   Dex:       It affects your dexterity (-2).
   rElec:     It insulates you from electricity.
   SInv:      It lets you see invisible.
   Will:      It greatly increases your willpower.
Missiles
 e - 38 poisoned darts
 s - 86 stones (quivered)
 x - 36 sling bullets
 E - 73 arrows
 H - a throwing net
Armour
 c - a +0 kite shield (worn)
 g - a +0 pair of gloves (worn)
 n - a +2 cloak of preservation (worn)
 q - a +0 pair of boots (worn)
 L - a +0 plate armour (worn)
Magical Staves
 l - a staff of air
Jewellery
 h - an amulet of the acrobat (around neck)
 m - a +4 ring of evasion (left hand)
 A - a ring of protection from cold
Wands
 f - a wand of flame (17)
 j - a wand of iceblast (8)
 G - a wand of polymorph (6)
 K - a wand of charming (8)
Scrolls
 o - a scroll of blinking
 r - a scroll of identify
 w - a scroll of enchant armour
 y - a scroll of amnesia
 I - a scroll of teleportation
Potions
 d - 2 potions of might
 i - 2 potions of invisibility
 k - 4 potions of curing
 p - a potion of haste
 u - a potion of magic


   Skills:
 + Level 8.7 Fighting
 + Level 3.4(7.2) Axes
 * Level 10.8(11.1) Maces & Flails
 - Level 0.1 Slings
 + Level 8.6 Armour
 - Level 1.4 Dodging
 + Level 9.8 Shields


You had 10 spell levels left.
You didn't know any spells.
Your spell library contained the following spells:

 Spells                   Type           Power      Damage    Failure   Level
 Magic Dart               Conj           0%         1d3       100%        1
 Corpse Rot               Necr/Air       N/A        N/A       100%        2
 Poisonous Vapours        Pois/Air       0%         N/A       100%        2
 Searing Ray              Conj           0%         3d3       100%        2
 Fulminant Prism          Conj/Hex       0%         3d6       100%        4
 Freezing Cloud           Conj/Ice/Air   0%         6-21      100%        5


Dungeon Overview and Level Annotations

Branches:
Dungeon (8/15)             Temple (1/1) D:7           Sewer (visited)
   Lair: D:8-11

Altars:
Ashenzari
Cheibriados
Dithmenos
Elyvilon
Fedhas
Gozag
Hepliaklqana
Makhleb
Nemelex Xobeh
Okawaru
Qazlal
Ru
Sif Muna
Trog
Uskayaw
Vehumet
Wu Jian
Xom
Yredelemnul
Zin
The Shining One

Shops:
D:5 *   D:8 !

Annotations:
D:8 Erica


Innate Abilities, Weirdness & Mutations

You are immune to sickness and miasma.
Your stone body is resilient. (AC +8)
You are immune to poison.
You resist negative energy. (rN+)
You are resistant to electric shocks. (rElec)
You are resistant to unholy torment.
You are immune to petrification.
Your large and strong wings let you fly.
You have large cloven feet.
You possess an exceptional clarity of mind.
You are occasionally teleported next to monsters.


Message History

Erica is heavily wounded.
You slash the steam dragon! The steam dragon barely misses you.
You block the steam dragon's attack.
Erica zaps a wand.
You resist with significant effort.
The steam dragon bites you but does no damage.
The steam dragon barely misses you.
Erica zaps a wand.
You resist with significant effort.
The now-empty wand crumbles to dust.
You closely miss Erica.
Erica is heavily wounded.
You closely miss the steam dragon.
The steam dragon bites you but does no damage.
The steam dragon misses you. You block Erica's attack.
The steam dragon breathes steam at you. The ball of steam hits you!
Erica casts a spell at you.
You feel as though you will be slow longer.
You closely miss Erica.
Erica is heavily wounded.
You slash the steam dragon!
You are engulfed in a cloud of scalding steam.
You block the steam dragon's attack. The steam dragon barely misses you.
You block Erica's attack. The steam dragon misses you.
You block the steam dragon's attack.
Erica hits you with a +4 scimitar of flaming!
Erica burns you.
As you read the scroll of immolation, it crumbles to dust.
The creatures around you are filled with an inner flame!
You block the steam dragon's attack. x2; Erica hits you but does no damage.
The steam dragon bites you but does no damage.
The steam dragon claws you but does no damage.
You hit Erica but do no damage.
Erica is heavily wounded.
You hit the steam dragon.
Flame seeps out of the steam dragon.
You block Erica's attack.
The steam dragon is engulfed in blazing flames.
Okawaru accepts your kill.
The steam dragon explodes!
The fiery explosion engulfs you!!!
Ouch! That really hurt!
You die...

.#####.
.......
.......##
...>....#
#.......###
#....∩....#
#....)).#
#....§..#
###..§○@#
#..§§§@...#
#.......##...#
#.#.##... ....
##.#.######
.## ....# #
##D#.######..
#.#.<.....?.
#...#######+


You could see Erica (inner flame).

Vanquished Creatures
  An unseen horror (D:6)
  Grinder (D:6)
  A hornet (D:6)
  4 yaks (D:6)
  A steam dragon (D:8)
  A water moccasin (D:7)
  3 orc warriors
  2 black bears
  A hornet zombie (D:6)
  2 necrophages
  An ice beast (D:6)
  An ogre (D:5)
  2 centaurs
  2 phantoms
  3 kobold brigands
  A wyvern zombie (D:7)
  2 bullfrogs
  4 scorpions
  4 wights (D:6)
  A howler monkey (D:4)
  A centaur zombie (D:7)
  7 hounds
  2 jellies
  2 bullfrog skeletons
  3 gnoll shamans
  2 orc priests
  Jessica (D:3)
  4 iguanas
  Natasha (twice) (D:2)
  7 orc wizards
  2 killer bee zombies
  12 adders
  7 gnolls
  A howler monkey skeleton (D:6)
  2 howler monkey zombies (D:6)
  A shadow imp (D:5)
  A white imp (D:6)
  An adder skeleton (D:4)
  6 worms
  2 dart slugs
  14 orcs
  4 bats
  9 endoplasms
  3 giant cockroaches
  7 goblins
  7 hobgoblins
  3 jackals (D:3)
  A quokka (D:5)
  7 ball pythons
  5 frilled lizards
  30 kobolds
  17 rats
211 creatures vanquished.

Vanquished Creatures (others)
  7 plants
7 creatures vanquished.

Grand Total: 218 creatures vanquished

Notes
Turn   | Place    | Note
-------+----------+-------------------------------------------
     0 | D:1      | acemry the Gargoyle Fighter began the quest for the Orb.
     0 | D:1      | Reached XP level 1. HP: 14/14 MP: 1/1
   280 | D:1      | Reached XP level 2. HP: 17/19 MP: 2/2
  1034 | D:1      | Reached XP level 3. HP: 23/23 MP: 3/3
  1398 | D:2      | Reached skill level 3 in Maces & Flails
  1518 | D:2      | Reached XP level 4. HP: 28/28 MP: 4/4
  2086 | D:2      | Noticed a necrophage
  2101 | D:2      | Killed a necrophage
  2102 | D:2      | Reached skill level 4 in Maces & Flails
  2102 | D:2      | Reached XP level 5. HP: 22/33 MP: 5/5
  2236 | D:2      | Noticed Natasha
  2243 | D:2      | Killed Natasha
  2352 | D:2      | Noticed Natasha
  2374 | D:2      | Killed Natasha
  2712 | D:3      | Noticed Jessica
  2738 | D:3      | Reached XP level 6. HP: 38/38 MP: 6/6
  2759 | D:3      | Killed Jessica
  2857 | D:3      | Reached skill level 5 in Maces & Flails
  3376 | D:3      | Reached skill level 1 in Dodging
  3740 | D:4      | Reached XP level 7. HP: 19/43 MP: 7/7
  3962 | D:4      | Found a glowing drain.
  3985 | Sewer    | Entered a sewer
  4152 | Sewer    | Identified a scroll of acquirement
  4152 | Sewer    | Acquired a +1 cloak of preservation
  4524 | Sewer    | Identified the +1 hunting sling of Analysis {speed, rElec
                  | Will++ Dex-2 SInv}
  4612 | D:4      | Reached skill level 6 in Maces & Flails
  5214 | D:5      | Entered Level 5 of the Dungeon
  5272 | D:5      | Reached skill level 5 in Shields
  5510 | D:5      | Reached XP level 8. HP: 48/48 MP: 8/8
  5541 | D:5      | Gained mutation: You are frail. (-10% HP) [potion of
                  | mutation]
  5541 | D:5      | Gained mutation: Your skin changes colour to match your
                  | surroundings (Stealth+). [potion of mutation]
  5542 | D:5      | Lost mutation: You are frail. (-10% HP) [potion of
                  | mutation]
  5542 | D:5      | Gained mutation: You are frail. (-10% HP) [potion of
                  | mutation]
  5542 | D:5      | Gained mutation: You have large cloven feet. [potion of
                  | mutation]
  5542 | D:5      | Gained mutation: You are weak. (Str -2) [potion of
                  | mutation]
  5543 | D:5      | Lost mutation: You are weak. (Str -2) [potion of mutation]
  5543 | D:5      | Lost mutation: Your skin changes colour to match your
                  | surroundings (Stealth+). [potion of mutation]
  5543 | D:5      | Lost mutation: You are frail. (-10% HP) [potion of
                  | mutation]
  5543 | D:5      | Gained mutation: Your large and strong wings let you fly.
                  | [potion of mutation]
  5543 | D:5      | Gained mutation: You are occasionally teleported next to
                  | monsters. [potion of mutation]
  5543 | D:5      | Gained mutation: You possess an exceptional clarity of
                  | mind. [potion of mutation]
  5663 | D:5      | Reached skill level 7 in Maces & Flails
  5815 | D:5      | Found Fiosuaq's Overcharged Wands.
  5954 | D:5      | You are sucked into a shaft and drop 3 floors!
  5960 | D:7      | Noticed a hornet
  6011 | D:6      | Killed a hornet
  6075 | D:6      | Noticed a yak
  6075 | D:6      | Noticed a yak
  6076 | D:6      | Noticed a yak
  6077 | D:6      | Noticed a yak
  6095 | D:6      | Killed a yak
  6096 | D:6      | Reached skill level 8 in Maces & Flails
  6096 | D:6      | Reached skill level 5 in Armour
  6110 | D:6      | Killed a yak
  6111 | D:6      | Reached skill level 5 in Fighting
  6111 | D:6      | Reached XP level 9. HP: 42/54 MP: 9/9
  6136 | D:6      | Reached skill level 9 in Maces & Flails
  6340 | D:5      | Identified the +4 war axe of Ascent {protect, Will- Str+6}
  6522 | D:6      | Noticed Grinder
  6523 | D:6      | Paralysed by Grinder for 2 turns
  6526 | D:6      | Reached skill level 1 in Axes
  6539 | D:6      | Killed an unseen horror
  6546 | D:6      | Paralysed by Grinder for 7 turns
  6557 | D:6      | Reached skill level 10 in Maces & Flails
  6557 | D:6      | Reached XP level 10. HP: 24/65 MP: 10/10
  6578 | D:6      | Paralysed by Grinder for 4 turns
  6588 | D:6      | Killed Grinder
  7026 | D:6      | Reached XP level 11. HP: 54/69 MP: 11/11
  8046 | D:7      | Found a staircase to the Ecumenical Temple.
  8057 | Temple   | Entered the Ecumenical Temple
  8069 | Temple   | Became a worshipper of Warmaster Okawaru
  9050 | D:8      | Found Ruess's Distillery.
  9052 | D:8      | Noticed Erica
  9058 | D:8      | Paralysed by Erica for 7 turns
  9071 | D:8      | Killed by an exploding steam dragon... ignited by their
                  | inner flame

Illustrated notes

Levels and vault maps discovered:
D:1:      denvon_arrival_waterhouse, layout_loops_ring, minmay_rat_gold_closets
D:2:      wander_river, layout_basic, uniq_natasha
D:3:      layout_loops_ring, minmay_liquid_box, uniq_jessica
D:4:      layout_gridville, portal_sewer_entry_d
D:5:      layout_basic, nicolae_shop_overcharged_wands
D:6:      cheibrodos_fzero, layout_basic, grunt_ministairs_9,
          mumra_transporter_accident, uniq_grinder
D:7:      layout_rooms, minmay_temple_entry_overgrown
D:8:      layout_loops_corners, erik_lair_orcish_takeover,
          nicolae_stop_n_shop_1, kennysheep_small_square, uniq_pikel,
          uniq_erica, uniq_maurice
Temple:   nicolae_temple_the_god_donut

Skill      XL: |  1  2  3  4  5  6  7  8  9 10 11 |
---------------+----------------------------------+-----
Maces & Flails | 3 4 5 6 8 10 | 10.8
Armour         | 4 5 8 |  8.6
Shields        | 4 5 6 9 |  9.8
Dodging        | 1 |  1.4
Fighting       | 4 5 8 |  8.7
Axes           | 2 3 |  3.4
Slings         | |  0.1

Action                   |  1- 3 |  4- 6 |  7- 9 | 10-12 || total
-------------------------+-------+-------+-------+-------++-------
Melee: Flail             |   118 |   273 |   377 |       ||   768
       War axe           |       |       |    56 |   190 ||   246
 Fire: Hunting sling     |       |       |    18 |       ||    18
  Use: Scroll            |     1 |     3 |     9 |     2 ||    15
       Potion            |       |     1 |     7 |     6 ||    14
Armor: Scale mail        |    47 |   122 |   223 |    62 ||   454
       Plate armour      |       |       |       |    18 ||    18
Dodge: Dodged            |    28 |   155 |   244 |   102 ||   529
Block: Kite shield       |    72 |   175 |   272 |   157 ||   676
